 Seeded DCSS version 0.30.1-11-g7821555f0a (webtiles) character file.

Game seed: 5 (custom seed)

3310 Kazon the Sneak (level 9, -2/52 HPs)
             Began as a Vampire Brigand on Oct 30, 2023.
             Was an Elder of Makhleb.
             Slain by a two-headed ogre
             ... wielding a +0 giant spiked club
              (11 damage)
             ... on level 7 of the Dungeon.
             The game lasted 00:28:38 (5517 turns).

Kazon the Sneak (Vampire Brigand)                   Turns: 5517, Time: 00:28:41

Health: -2/52      AC: 29    Str: 14    XL:     9   Next: 70%
Magic:  0/20       EV:  0    Int: 13    God:    Makhleb [****..]
Gold:   378        SH: 16    Dex: 22    Spells: 8/8 levels left

rFire   . . .        v - +0 hand axe (vamp)
rCold   + + .        c - +0 tower shield
rNeg    + + +        C - +15 plate armour of Eternal Vigilance {rElec Will+}
rPois   ∞            o - +0 helmet
rElec   +            g - +0 cloak
rCorr   .            P - +0 pair of gloves
SInv    +            (no boots)
Will    +....        I - amulet of guardian spirit
Stlth   +            x - ring of magical power
HPRegen 0.00/turn    F - +6 ring of dexterity
MPRegen 0.17/turn

%: guardian spirit
@: bloodless, inhibited regen
A: bloodless, fangs 3, see invisible, vampiric 2
a: Bat Form, Revivify, Renounce Religion, Minor Destruction, Lesser Servant of
Makhleb, Major Destruction


You were on level 7 of the Dungeon.
You worshipped Makhleb.
Makhleb was greatly pleased with you.
You visited 2 branches of the dungeon, and saw 8 of its levels.
You also visited: Ossuary.

You collected 378 gold pieces.

Inventory:

Hand Weapons
 a - a +2 dagger
 e - a +2 vampiric dagger
 f - a +0 hand axe of flaming
 v - a +0 vampiric hand axe (weapon)
 w - the +2 sling "Qeuhanocyt" {speed, rElec Str-3 Dex+2}
   (You found it on level 3 of the Dungeon)

   Str:       It affects your strength (-3).
   Dex:       It affects your dexterity (+2).
   rElec:     It insulates you from electricity.
Missiles
 d - 15 poisoned darts
 i - 19 stones (quivered)
 l - 11 boomerangs
 M - 3 curare-tipped darts
Armour
 c - a +0 tower shield (worn)
 g - a +0 cloak (worn)
 o - a +0 helmet (worn)
 C - the +15 plate armour of Eternal Vigilance (worn) {rElec Will+}
   (You acquired it on level 1 of the Dungeon)

   rElec:     It insulates you from electricity.
   Will:      It increases your willpower.
 P - a +0 pair of gloves (worn)
Jewellery
 x - a ring of magical power (left hand)
 F - a +6 ring of dexterity (right hand)
 I - an amulet of guardian spirit (around neck)
Wands
 D - a wand of paralysis (7)
Scrolls
 j - a scroll of fog {unknown}
 p - a scroll of vulnerability {unknown}
 q - a scroll of blinking {unknown}
 r - 2 scrolls of magic mapping {unknown}
 s - 2 scrolls of summoning {unknown}
 t - 2 scrolls of teleportation {unknown}
 u - 5 scrolls of identify {unknown}
 y - a scroll of amnesia {unknown}
 E - a scroll of torment {unknown}
 K - a scroll of poison {unknown}
 L - a scroll of enchant armour {unknown}
 N - a scroll of enchant weapon {unknown}
 O - 2 scrolls of fear {unknown}
Potions
 b - a potion of haste {unknown}
 h - a potion of resistance {unknown}
 k - 2 potions of brilliance {unknown}
 m - 2 potions of magic {unknown}
 n - 5 potions of curing {unknown}
 z - 2 potions of invisibility {unknown}
 A - 2 potions of berserk rage {unknown}
 B - 5 potions of flight {unknown}
 G - 4 potions of heal wounds {unknown}
 H - a potion of lignification {unknown}
 J - 4 potions of attraction {unknown}


   Skills:
 + Level 3.8 Fighting
 + Level 3.9 Short Blades
 + Level 6.4 Axes
 + Level 0.2 Ranged Weapons
 + Level 3.0 Throwing
 + Level 2.4 Armour
 + Level 1.5 Dodging
 + Level 6.7 Stealth
 + Level 5.1 Shields
 + Level 3.8 Invocations
 * Level 5.0 Evocations


You had 8 spell levels left.
You didn't know any spells.
Your spell library contained the following spells:

 Spells                   Type           Power      Damage    Failure   Level
 Frozen Ramparts          Ice            0%         1d1       100%        3
 Ignite Poison            Fire/Tmut/Pois 0%         N/A       100%        3
 Ice Form                 Ice/Tmut       0%         N/A       100%        4
 Sticky Flame             Conj/Fire      0%         2d3       100%        4
 Summon Ice Beast         Ice/Summ       0%         N/A       100%        4
 Summon Forest            Summ/Tloc      0%         N/A       100%        5
 Eringya's Noxious Bog    Tmut/Pois      0%         N/A       100%        6
 Summon Hydra             Summ           0%         N/A       100%        7
 Ignition                 Fire           0%         3d3       100%        8


Dungeon Overview and Level Annotations

Branches:
Dungeon (7/15)             Temple (1/1) D:4         Ossuary (visited)

Altars:
Dithmenos
Fedhas
Gozag
Hepliaklqana
Makhleb
Okawaru
Qazlal
Wu Jian
Xom


Innate Abilities, Weirdness & Mutations

You do not regenerate when monsters are visible.
You are frail without blood (-20% HP).
You can heal yourself when you bite living creatures.
You are immune to poison.
You have razor-sharp teeth.
You have supernaturally acute eyesight. (SInv)
You are afflicted with vampirism and can become a bat while bloodless.


Message History

You hit the two-headed ogre but do no damage.
The two-headed ogre is heavily wounded.
The two-headed ogre hits you with a +0 giant spiked club.
The two-headed ogre hits you with a +0 giant club!
You barely miss the two-headed ogre. You bite the two-headed ogre.
You draw the two-headed ogre's blood!
You feel better.
The two-headed ogre is heavily wounded.
You block the two-headed ogre's attack. x2
You slash the two-headed ogre!
The two-headed ogre is severely wounded.
The two-headed ogre hits you with a +0 giant spiked club!!
The two-headed ogre hits you with a +0 giant club!
You hit the two-headed ogre.
You feel better.
The two-headed ogre is severely wounded.
The two-headed ogre hits you with a +0 giant spiked club!
* * * LOW HITPOINT WARNING * * *
You block the two-headed ogre's attack.
You slash the two-headed ogre!
You feel better.
The two-headed ogre is severely wounded.
You block the two-headed ogre's attack.
The two-headed ogre hits you with a +0 giant club.
* * * LOW HITPOINT WARNING * * *
You hit the two-headed ogre.
You feel better.
You bite the two-headed ogre.
You draw the two-headed ogre's blood!
You feel better.
The two-headed ogre is almost dead.
You barely miss the two-headed ogre.
You bite the two-headed ogre, but do no damage.
The two-headed ogre is almost dead.
The two-headed ogre hits you but does no damage.
The two-headed ogre hits you with a +0 giant club!
* * * LOW HITPOINT WARNING * * *
You hit the two-headed ogre.
You feel better.
The two-headed ogre is almost dead.
The two-headed ogre hits you but does no damage. x2
Aiming: Paralyse
Press: ? - help, Shift-Dir - straight line, f/p - two-headed ogre
Aim: a two-headed ogre, wielding a +0 giant spiked club and a +0 giant club (almost dead, covered in acid, chance to affect: 44%)
The two-headed ogre resists with some effort.
The two-headed ogre hits you with a +0 giant spiked club!
You die...

#.# # #.# #.# # #.# #.# # #.# #.#
# ##.# #.# # #####.##.#
#.#########
#####.....##.######..........
#####...........O................
......###.######@#.####.#########
####### #.# ##.#.# #.# # #.#
##....# #.# # #.# #.....# #.# #
####.# #.....# ##.## # #....#
#..<..###...## # #.####
#....###.#.#.## # # #.#
#....##.##.##.###### # #.#
#...................


You could see a two-headed ogre (corroded).

Vanquished Creatures
  Sigmund (D:4)
  Duvessa (D:6)
  A water moccasin (D:6)
  A sky beast (D:7)
  3 black bears
  2 centaurs
  2 ogres
  An elf zombie (Ossuary)
  A kobold brigand (D:7)
  3 scorpions
  10 wights (D:7)
  Dowan (D:6)
  A howler monkey (D:6)
  A vampire bat (D:7)
  6 hounds
  A centaur zombie (Ossuary)
  3 orc priests (D:6)
  3 human zombies (Ossuary)
  A jelly (D:5)
  6 iguanas
  4 orc wizards (D:6)
  4 ogre zombies (Ossuary)
  7 mummies (Ossuary)
  4 gnolls (D:5)
  9 adders
  A white imp (D:7)
  2 ufetubi
  A worm zombie (D:7)
  2 adder zombies (Ossuary)
  3 worms
  15 orcs
  12 bats
  9 endoplasms
  A giant cockroach (D:1)
  12 goblins
  7 hobgoblins
  11 jackals
  10 kobolds
  3 quokkas (D:4)
  6 ball pythons
  3 frilled lizards
  4 goblin zombies (Ossuary)
  6 hobgoblin zombies
  3 kobold zombies
  4 quokka zombies (Ossuary)
  4 rats
  4 rat zombies (Ossuary)
200 creatures vanquished.

Vanquished Creatures (collateral kills)
  4 killer bees (D:7)
4 creatures vanquished.

Grand Total: 204 creatures vanquished

Notes
Turn   | Place    | Note
-------+----------+-------------------------------------------
     0 | D:1      | Kazon the Vampire Brigand began the quest for the Orb.
     0 | D:1      | Reached XP level 1. HP: 16/16 MP: 1/1
    44 | D:1      | Identified a scroll of acquirement
    44 | D:1      | Acquired the +15 plate armour of Eternal Vigilance {rElec
                  | Will+}
   121 | D:1      | Reached XP level 2. HP: 22/22 MP: 2/2
   645 | D:1      | Gained mutation: You are afflicted with vampirism and can
                  | become a bat while bloodless. [Vampire growth]
   645 | D:1      | Reached XP level 3. HP: 27/27 MP: 3/3
  1093 | D:2      | Reached XP level 4. HP: 33/33 MP: 4/4
  1235 | D:2      | Reached skill level 1 in Shields
  1658 | D:3      | Reached skill level 1 in Axes
  1693 | D:3      | Found a blossoming altar of Fedhas.
  1860 | D:3      | Identified the +2 sling "Qeuhanocyt" {speed, rElec Str-3
                  | Dex+2}
  1902 | D:3      | Found a faded altar of an unknown god.
  1949 | D:3      | Found a stormy altar of Qazlal.
  2200 | D:4      | Found a staircase to the Ecumenical Temple.
  2208 | Temple   | Entered the Ecumenical Temple
  2225 | Temple   | Became a worshipper of Makhleb the Destroyer
  2340 | D:4      | Noticed a black bear
  2353 | D:4      | Killed a black bear
  2354 | D:4      | Reached XP level 5. HP: 33/39 MP: 5/5
  2354 | D:4      | Found a hazy altar of Hepliaklqana.
  2355 | D:4      | Found a shadowy altar of Dithmenos.
  2355 | D:4      | Noticed a shadow
  2423 | D:4      | Reached skill level 1 in Evocations
  2465 | D:4      | Noticed a black bear
  2472 | D:4      | Killed a black bear
  2473 | D:4      | Reached skill level 1 in Invocations
  2473 | D:4      | Reached XP level 6. HP: 27/46 MP: 6/6
  2590 | D:4      | Noticed Sigmund
  2606 | D:4      | Killed Sigmund
  2607 | D:4      | Reached skill level 1 in Armour
  2674 | D:4      | Reached XP level 7. HP: 46/51 MP: 8/8
  3066 | D:5      | Entered Level 5 of the Dungeon
  3388 | D:5      | Reached * piety under Makhleb
  3599 | D:6      | Noticed Dowan
  3601 | D:6      | Noticed Duvessa
  3627 | D:6      | Killed Duvessa
  3628 | D:6      | Reached XP level 8. HP: 46/58 MP: 9/9
  3632 | D:6      | Killed Dowan
  3841 | D:6      | Found a shimmering altar of Xom.
  4192 | D:7      | Reached ** piety under Makhleb
  4212 | D:7      | Reached skill level 5 in Axes
  4225 | D:7      | Found a sand-covered staircase.
  4242 | Ossuary  | Entered an ossuary
  4405 | Ossuary  | Reached XP level 9. HP: 64/64 MP: 11/11
  4502 | Ossuary  | Reached *** piety under Makhleb
  5231 | D:7      | Reached skill level 5 in Shields
  5240 | D:7      | Reached **** piety under Makhleb
  5346 | D:7      | Reached skill level 5 in Evocations
  5503 | D:7      | Noticed a two-headed ogre
  5517 | D:7      | Slain by a two-headed ogre

Illustrated notes

Levels and vault maps discovered:
D:1:      ebering_trefoil_3fold, layout_basic, st_stairs_14, serial_bayou_ford_a
D:2:      layout_basic, hangedman_decor_growths, minmay_close_crescents
D:3:      layout_rooms, mainiacjoe_overflow_concentric_impassable,
          mainiacjoe_overflow_paths, shapermc_ecumenical_altar_acropolis,
          chequers_serial_rivers_micro_b
D:4:      layout_basic, riverfiend_overflow_shadow_ancestor,
          minmay_temple_entry_glass, uniq_sigmund
D:5:      layout_gridville
D:6:      layout_basic, xom_teletrap_fun, uniq_duvessa
D:7:      layout_loops_ring, enter_ossuary_3, roderic_batcave
Temple:   nicolae_temple_elliptical

Skill      XL: |  1  2  3  4  5  6  7  8  9 |
---------------+----------------------------+-----
Stealth        | 6 |  6.7
Fighting       | 2 3 |  3.8
Throwing       | 2 3 |  3.0
Shields        | 1 2 4 5 |  5.1
Short Blades   | 3 |  3.9
Axes           | 1 2 4 5 6 |  6.4
Evocations     | 1 2 3 5 |  5.0
Invocations    | 1 2 3 |  3.8
Armour         | 1 2 |  2.4
Ranged Weapons | |  0.2
Dodging        | |  1.5

Action                     |  1- 3 |  4- 6 |  7- 9 || total
---------------------------+-------+-------+-------++-------
  Melee: Dagger            |   136 |   136 |       ||   272
         Bite              |    15 |    16 |   107 ||   138
         Hand axe          |       |    48 |   666 ||   714
   Fire: Sling             |       |     3 |       ||     3
  Throw: Dart              |    19 |    12 |    35 ||    66
         Stone             |       |    13 |    22 ||    35
         Boomerang         |       |       |     2 ||     2
 Invoke: Minor Destruction |       |       |    26 ||    26
         Lesser Servant of |       |       |     1 ||     1
Ability: Exsanguinate      |       |       |     1 ||     1
  Evoke: Wand              |       |       |     1 ||     1
    Use: Scroll            |     1 |       |       ||     1
   Stab: Sleeping          |       |       |     2 ||     2
 Armour: Plate armour      |    95 |   134 |   424 ||   653
         Robe              |     3 |       |       ||     3
  Dodge: Dodged            |    10 |     7 |    14 ||    31
  Block: Tower shield      |    81 |    83 |   531 ||   695
